 Dungeon Crawl Stone Soup version 0.25.0-26-g0c896c7 (webtiles) character file.

Game seed: 14659219072490784440

763 Golfball the Skirmisher (level 7, -4/66 HPs)
             Began as a Pale Draconian Monk on June 30, 2020.
             Slain by a gnoll
             ... wielding a +0 spear
              (6 damage)
             ... on level 4 of the Dungeon.
             The game lasted 00:12:33 (4360 turns).

Golfball the Skirmisher (Pale Draconian Monk)       Turns: 4360, Time: 00:12:33

Health: -4/66      AC:  8    Str: 16    XL:     7   Next: 51%
Magic:  7/7        EV: 13    Int: 10    God:
Gold:   224        SH:  0    Dex: 13    Spells: 6/6 levels left

rFire    . . .     SeeInvis .   a - +0 mace
rCold    . . .     Gourm    .   (no shield)
rNeg     . . .     Faith    .   (armour unavailable)
rPois    .         Spirit   .   (helmet restricted)
rElec    .         Reflect  .   (no cloak)
rCorr    .         Harm     .   j - +0 pair of gloves
MR       .....                  p - +0 pair of boots
Stlth    ++........             (no amulet)
HPRegen  0.21/turn              (no ring)
MPRegen  0.10/turn              (no ring)

@: no status effects
A: breathe steam, unfitting armour, cold-blooded, AC +6
a: Breathe Steam


You were on level 4 of the Dungeon.
You were not hungry.

You visited 1 branch of the dungeon, and saw 4 of its levels.

You collected 224 gold pieces.

Inventory:

Hand Weapons
 a - a +0 mace (weapon)
 b - a +0 hunting sling
 q - a +6 dagger
 u - a +0 war axe
Missiles
 f - 46 stones
 k - 12 poisoned darts (quivered)
Armour
 j - a +0 pair of gloves (worn)
 p - a +0 pair of boots (worn)
Wands
 n - a wand of digging (4)
Scrolls
 c - a scroll of identify
 d - 3 scrolls of teleportation
 s - a scroll of blinking {unknown}
 w - a scroll of remove curse
Potions
 e - a potion of cancellation
 g - 7 potions of curing
 h - 2 potions of resistance
 l - 2 potions of stabbing
 m - a potion of degeneration {unknown}
 o - a potion of heal wounds {unknown}
 r - a potion of berserk rage {unknown}
 t - a potion of flight {unknown}
Comestibles
 i - 9 rations
 v - a chunk of flesh


   Skills:
 - Level 7.0 Fighting
 + Level 6.9 Maces & Flails
 - Level 2.6 Dodging
 - Level 1.7 Stealth


You had 6 spell levels left.
You didn't know any spells.
Your spell library was empty.

Dungeon Overview and Level Annotations

Branches:
Dungeon (4/15)
 Temple: D:4-7

Altars:
Uskayaw

Annotations:
D:4 1 runed translucent door, Sin92's ghost, amateur MiFi


Innate Abilities, Weirdness & Mutations

You can breathe blasts of scalding, opaque steam.
Your pale cyan-grey scales are hard. (AC +6)
You cannot fit into any form of body armour.
You are cold-blooded and may be slowed by cold attacks.


Message History

The gnoll closely misses you. x2; The scorpion stings you.
* * * LOW HITPOINT WARNING * * *
You closely miss the gnoll.
The gnoll is severely wounded.
The gnoll completely misses you. The gnoll misses you.
The gnoll hits you with a cursed +0 halberd.
* * * LOW HITPOINT WARNING * * *
The scorpion barely misses you.
You barely miss the gnoll.
Your tail-slap misses the gnoll.
The gnoll is severely wounded.
The gnoll hits you from afar with a +0 spear.
* * * LOW HITPOINT WARNING * * *
The gnoll barely misses you.
The gnoll hits you with a cursed +0 halberd!
* * * LOW HITPOINT WARNING * * *
The scorpion barely misses you.
You hit the gnoll but do no damage.
The gnoll is severely wounded.
The gnoll hits you from afar with a +0 spear.
You die... ##......## ##.....# ###..## ##..# ##.## ##.## #..# ##.## #s@# ##g# # #g... #gg

g#....
....
.#...#
...(# ._
'...#
.....( ♣.
#...
....(..
.. #..#
.........
#'###..#


You could see a scorpion and 3 gnolls.

Vanquished Creatures
  A sky beast (D:3)
  An ogre (D:4)
  A phantom (D:4)
  A bullfrog (D:3)
  A scorpion (D:1)
  A howler monkey (D:4)
  2 orc priests
  2 iguanas (D:4)
  An orc wizard (D:3)
  3 worker ants (D:4)
  A gnoll (D:4)
  2 adders (D:4)
  An adder skeleton (D:4)
  2 worms
  8 dart slugs
  2 leopard geckos
  6 orcs
  A ball python (D:2)
  5 giant cockroaches
  6 goblins
  5 hobgoblins
  3 quokkas
  8 bats
  4 frilled lizards
  6 kobolds
  23 rats
97 creatures vanquished.

Notes
Turn   | Place    | Note
-------+----------+-------------------------------------------
     0 | D:1      | Golfball the Draconian Monk began the quest for the Orb.
     0 | D:1      | Reached XP level 1. HP: 19/19 MP: 1/1
   238 | D:1      | Reached XP level 2. HP: 24/27 MP: 2/2
   527 | D:1      | Reached skill level 4 in Fighting
   529 | D:1      | Reached XP level 3. HP: 22/33 MP: 3/3
  1488 | D:2      | Noticed a scorpion
  1519 | D:1      | Killed a scorpion
  1519 | D:1      | Reached XP level 4. HP: 17/41 MP: 4/4
  2248 | D:3      | Noticed a bullfrog
  2257 | D:3      | Killed a bullfrog
  2257 | D:3      | Reached skill level 5 in Fighting
  2257 | D:3      | Reached XP level 5. HP: 40/48 MP: 5/5
  2629 | D:3      | Reached skill level 5 in Maces & Flails
  2961 | D:3      | Noticed a sky beast
  2989 | D:3      | Killed a sky beast
  2989 | D:3      | Reached skill level 6 in Fighting
  2989 | D:3      | Reached XP level 6. HP: 22/57 MP: 6/6
  3586 | D:4      | Found a runed translucent door.
  3797 | D:4      | Found a hide-covered altar of Uskayaw.
  4005 | D:4      | Noticed Sin92's ghost (amateur MiFi)
  4060 | D:4      | Your scales start taking on a pale cyan-grey colour.
  4060 | D:4      | Reached XP level 7. HP: 51/64 MP: 7/7
  4261 | D:4      | Reached skill level 7 in Fighting
  4359 | D:4      | HP: 2/66 [gnoll/cursed +0 halberd (8)]
  4360 | D:4      | Slain by a gnoll

Illustrated notes

Levels and vault maps discovered:
D:1:      sevenhm_arrival_forest_fort_small_6, layout_loops_cross
D:2:      minmay_general_purpose_star, layout_basic
D:3:      layout_loops_cross, roderic_nine_men_s_morris, minmay_rat_hole
D:4:      layout_cave_pods, lemuel_coloured_pillars_altar,
          kennysheep_little_box, first_ration, ebering_ghost_sewer_d

Skill      XL: |  1  2  3  4  5  6  7 |
---------------+----------------------+-----
Fighting       | 4 5 6 7 |  7.0
Maces & Flails | 4 5 6 |  6.9
Dodging        | |  2.6
Stealth        | |  1.7

Action                   |  1- 3 |  4- 6 |  7- 9 || total
-------------------------+-------+-------+-------++-------
Melee: Mace              |    82 |   149 |    21 ||   252
       Tailslap          |    13 |    22 |     2 ||    37
 Fire: Hunting sling     |    30 |    50 |    32 ||   112
Throw: Dart              |     2 |       |       ||     2
 Abil: Breathe Steam     |       |       |     5 ||     5
  Use: Potion            |     1 |       |       ||     1
       Scroll            |       |     7 |     1 ||     8
 Stab: Sleeping          |     2 |     2 |       ||     4
  Eat: Chunk             |     2 |     5 |     1 ||     8
       Ration            |       |     1 |       ||     1
Armor: Skin              |    23 |    52 |     6 ||    81
Dodge: Dodged            |    55 |    84 |    20 ||   159
